 Dungeon Crawl Stone Soup version 0.32-a0-643-ga006e7742e (webtiles) character file.

Game seed: 2151329960093876208

2806 backslashecho the Cleaver (level 9, -2/106 HPs)
             Began as a Demonspawn Fighter on Mar 8, 2024.
             Was a Priest of Beogh.
             Killed by divine providence
             ... invoked by Zorug the orc apostle
              (20 damage)
             ... on level 7 of the Dungeon.
             The game lasted 00:16:40 (7337 turns).

backslashecho the Cleaver (Demonspawn Fighter)      Turns: 7337, Time: 00:16:41

Health: -2/106     AC: 28    Str: 20    XL:     9   Next: 44%
Magic:  12/12      EV:  2    Int: 10    God:    Beogh [***...]
Gold:   292        SH:  5    Dex: 12    Spells: 6/8 levels left

rFire   . . .        a - +1 war axe
rCold   . . .        c - +0 buckler
rNeg    + . .        b - melded +0 scale mail
rPois   +            s - melded +0 helmet
rElec   .            (cloak currently unavailable)
rCorr   .            (gloves currently unavailable)
SInv    .            (boots currently unavailable)
Will    .....        (no amulet)
Stlth   +            p - ring of positive energy
HPRegen 0.37/turn    o - +4 ring of protection
MPRegen 0.13/turn

%: no passive effects
@: mighty, tree-form, wreathed by umbra
A: stationary, stasis, torment immunity, boosted hp, (claws 2), (yellow scales
2), demonic magic 2, foul shadow 1
a: Renounce Religion, Smiting


You were on level 7 of the Dungeon.
You worshipped Beogh.
Beogh was most pleased with you.
You were a tree.
You visited 1 branch of the dungeon, and saw 7 of its levels.
You also visited: Sewer.

You collected 418 gold pieces.
You spent 126 gold pieces at shops.

Inventory:

Hand Weapons
 a - a +1 war axe (weapon)
Missiles
 y - 20 poisoned darts (quivered)
 G - a curare-tipped dart
Armour
 b - a +0 scale mail (melded)
 c - a +0 buckler (worn)
 s - a +0 helmet (melded)
Jewellery
 e - a ring of flight
 o - a +4 ring of protection (right branch)
 p - a ring of positive energy (left branch)
Wands
 n - a wand of warping (18)
 B - a wand of mindburst (14)
Scrolls
 h - a scroll of silence {unknown}
 i - 2 scrolls of fear {unknown}
 j - 3 scrolls of butterflies {unknown}
 k - 2 scrolls of fog {unknown}
 l - 3 scrolls of torment
 m - 3 scrolls of enchant weapon
 r - a scroll of revelation {unknown}
 t - a scroll of vulnerability {unknown}
 w - 3 scrolls of teleportation {unknown}
 x - a scroll of enchant armour {unknown}
 C - a scroll of blinking {unknown}
 F - a scroll of poison {unknown}
Potions
 d - a potion of might
 g - 4 potions of curing
 u - a potion of resistance
 z - a potion of lignification
 A - a potion of haste {unknown}
 D - a potion of cancellation {unknown}
 E - a potion of magic {unknown}


   Skills:
 + Level 6.9 Fighting
 * Level 8.3 Axes
 - Level 2.6 Armour
 + Level 6.2 Shields
 - Level 5.0 Invocations


You had 6 spell levels left.
You knew the following spells:

 Your Spells              Type           Power      Damage    Failure   Level
a - Jinxbite              Hex            0%         N/A       56%         2

Your spell library contained the following spells:

 Spells                   Type           Power      Damage    Failure   Level
 Apportation              Tloc           0%         N/A       41%         1
 Fugue of the Fallen      Necr           0%         N/A       80%         3
 Ozocubu's Armour         Ice            0%         N/A       80%         3
 Manifold Assault         Tloc           0%         N/A       99%         4
 Alistair's Intoxication  Alch           0%         N/A       100%        5


Dungeon Overview and Level Annotations

Branches:
Dungeon (7/15)             Temple (0/1) D:5           Sewer (visited)

Altars:
Dithmenos
Nemelex Xobeh
Okawaru
Wu Jian

Shops:
D:4 [

Annotations:
D:4 1 runed translucent door, exclusion: door, Sirjeffry24's ghost, novice CoHu


Innate Abilities, Weirdness & Mutations

You are a tree.
Your roots penetrate the ground, keeping you stationary.
You cannot be teleported.
You are immune to unholy pain and torment.
Your maximum health is greatly increased.
Your equipment is partially melded.
Your facial features look somewhat orcish.
((You have very sharp fingernails.))
((You are mostly covered in yellow scales. (AC +3)))
Spells you cast may paralyse nearby enemies.
You are faintly shadowed, very rarely releasing foul flame when damaged in melee.


Message History

Press: ? - help, v - describe, . - travel, g - get item
Items here: (( )) ††.
The floor, spattered with blood.
This square is wreathed by an umbra.
y - 20 poisoned darts (gained 8)
Items here: ( )) ††.
Beogh speaks to you: Screw your courage to the sticking place, and face a challenge.
Fight to survive!
In the great war, all will be orcs!
Zorug the orc apostle comes into view.
They are wielding a +3 heavy flail and wearing the +6 ring mail "Zoczuom" {Harm *Corrode +Inv Will+}.
You regained 3 hp, and now have 44/71 hp.
A bombardier beetle comes into view.
The bombardier beetle sprays incendiary fluid at you.
The burning spray hits you.
You are covered in liquid fire!
You shake off some of the fire as you move.
The liquid fire burns you!
You take 4 damage, and have 42/71 hp.
You shake off some of the fire as you move.
The liquid fire burns you!
The bombardier beetle sprays incendiary fluid at you.
The burning spray hits you.
You are even more covered in liquid fire!
You take 4 damage, and have 38/71 hp.
You shake off some of the fire as you move.
The liquid fire burns you!
You take 1 damage, and have 37/71 hp.
You shake off some of the fire as you move.
The liquid fire burns you!
You take 3 damage, and have 34/71 hp.
You shake off some of the fire as you move.
The liquid fire burns you!
You take 4 damage, and have 30/71 hp.
You shake off the liquid fire.
The bombardier beetle attacks as it pursues you!
You block the bombardier beetle's attack.
Things that are here:
a +0 flail; a +0 spear You regained 4 hp, and now have 44/71 hp.
You start resting.
Zorug is nearby!
Zorug calls down the wrath of Beogh upon you.
Beogh smites you!
You take 15 damage, and have 31/71 hp.
MASSIVE DAMAGE!!
You feel much better.
You regained 20 hp, and now have 52/71 hp.
You feel very mighty all of a sudden.
You slice Zorug!!
Zorug is moderately wounded.
You block Zorug's attack.
You hit Zorug but do no damage.
Zorug is moderately wounded.
Zorug invokes the aid of Beogh against you.
Beogh smites you!
You take 14 damage, and have 39/71 hp.
You closely miss Zorug.
Zorug is moderately wounded.
You block Zorug's attack.
You barely miss Zorug.
Zorug is moderately wounded.
Zorug hits you with a +3 heavy flail!
* * * LOW HITPOINT WARNING * * *
Zorug is seared by the foul flame within you.
Zorug is moderately wounded.
You take 19 damage, and have 21/71 hp.
MASSIVE DAMAGE!!
You miss Zorug.
Zorug is moderately wounded.
You closely miss Zorug.
Zorug is moderately wounded.
Zorug prays to Beogh.
Zorug's wounds begin to rapidly close.
Press: ? - help, v - describe, . - travel
Here: Zorug the orc apostle, wielding a +3 heavy flail and wearing the +6 ring mail "Zoczuom" {Harm *Corrode +Inv Will+} (moderately wounded, regenerating, empowered by the touch of Beogh, umbra)
The floor, spattered with blood.
You turn into a tree.
Your +0 helmet melds into your body.
Your +0 scale mail melds into your body.
Your roots penetrate the ground.
Zorug hits you with a +3 heavy flail!!
* * * LOW HITPOINT WARNING * * *
You now have 10/106 hp.
You are stuck in your current form!
You feel much better. Zorug hits you but does no damage.
You regained 24 hp, and now have 34/106 hp.
You slash Zorug!
Zorug's corrosive artefact corrodes Zorug!
Zorug is moderately wounded.
Zorug hits you but does no damage.
You slash Zorug!
Zorug is moderately wounded.
You slice Zorug!!
Zorug is severely wounded.
Zorug invokes the aid of Beogh against you.
Beogh smites you!
* * * LOW HITPOINT WARNING * * *
Zorug invokes the aid of Beogh against you.
Beogh smites you!
* * * LOW HITPOINT WARNING * * *
You take 28 damage, and have 7/106 hp.
MASSIVE DAMAGE!!
You feel better.
Zorug is no longer regenerating.
Zorug invokes the aid of Beogh against you.
Beogh smites you!
You die...
Beogh appreciates Zorug's killing of a heretic priest.

##############
#.##....##...## ###
#.....#.......####..
#....#............##
#..##............###
##o##o...............
#..#♣................
#....................
########....................
............................
##..........................
####.......................
##......................
#......................
#......................


You could see Zorug the orc apostle (corroded, divinely empowered).

Vanquished Creatures
  A gargoyle (D:6)
  Prince Ribbit (D:5)
  Sigmund (D:5)
  A yak (D:6)
  A steam dragon (D:6)
  A water moccasin (D:7)
  An orc warrior (D:6)
  2 sky beasts (D:7)
  2 ogres
  A phantom (D:5)
  3 kobold brigands
  2 bullfrogs (Sewer)
  2 scorpions
  2 howler monkeys (D:7)
  A hound (D:4)
  A gnoll bouda (D:7)
  An orc priest (D:6)
  A sleepcap (D:5)
  4 iguanas
  5 orc wizards
  8 gnolls
  7 adders
  3 river rats (Sewer)
  A dart slug (D:2)
  A ribbon worm (D:5)
  15 orcs
  19 ball pythons
  11 endoplasms
  7 giant cockroaches
  10 goblins
  10 hobgoblins
  8 jackals
  3 quokkas
  4 bats
  8 frilled lizards
  19 kobolds
  27 rats
195 creatures vanquished.

Vanquished Creatures (others)
  A scorpion (D:5)
  An orc wizard (D:6)
  An adder (D:6)
  2 orcs (D:5)
  A frilled lizard (D:3)
6 creatures vanquished.

Grand Total: 201 creatures vanquished

Notes
Turn   | Place    | Note
-------+----------+-------------------------------------------
     0 | D:1      | backslashecho the Demonspawn Fighter began the quest for
                  | the Orb.
     0 | D:1      | Reached XP level 1. HP: 18/18 MP: 1/1
   150 | D:1      | Reached skill level 2 in Axes
   165 | D:1      | Gained mutation: You have sharp fingernails. [demonic
                  | ancestry]
   165 | D:1      | Reached XP level 2. HP: 7/24 MP: 2/2
   242 | D:1      | Found a faded altar of an unknown god.
   595 | D:1      | Gained mutation: You have very sharp fingernails. [demonic
                  | ancestry]
   595 | D:1      | Reached XP level 3. HP: 29/29 MP: 3/3
   976 | D:2      | Learned a level 2 spell: Jinxbite
  1059 | D:2      | Reached skill level 3 in Axes
  1388 | D:2      | Gained mutation: You are faintly shadowed, very rarely
                  | releasing foul flame when damaged in melee. [demonic
                  | ancestry]
  1388 | D:2      | Reached XP level 4. HP: 35/35 MP: 4/4
  1419 | D:2      | Identified the +0 scale mail of the Known World {rCorr
                  | Int+5 Stlth-}
  1573 | D:3      | Found an iron altar of Okawaru.
  1589 | D:3      | Found an ornate altar of the Wu Jian Council.
  2013 | D:3      | Became a worshipper of Beogh the Shepherd
  2542 | D:4      | Gained mutation: You are partially covered in yellow
                  | scales. (AC +2) [demonic ancestry]
  2542 | D:4      | Reached XP level 5. HP: 42/42 MP: 5/5
  2607 | D:4      | Found a runed translucent door.
  2608 | D:4      | Noticed Sirjeffry24's ghost (novice CoHu)
  2677 | D:4      | Found Deodoup's Antique Armour Boutique.
  2785 | D:4      | Bought a helmet for 126 gold pieces
  2841 | D:4      | Found a shadowy altar of Dithmenos.
  2974 | D:4      | Reached skill level 4 in Axes
  2996 | D:4      | Found a sparkling altar of Nemelex Xobeh.
  3160 | D:4      | Gained mutation: Spells you cast may paralyse adjacent
                  | enemies. [demonic ancestry]
  3160 | D:4      | Reached XP level 6. HP: 10/48 MP: 6/6
  3166 | D:4      | HP: 2/48 [poisoned by a scorpion]
  3676 | D:5      | Entered Level 5 of the Dungeon
  3769 | D:5      | Reached * piety under Beogh
  3914 | D:5      | Found a staircase to the Ecumenical Temple.
  3983 | D:5      | Found a glowing drain.
  3992 | Sewer    | Entered a sewer
  4077 | Sewer    | Reached skill level 5 in Axes
  4092 | Sewer    | Reached ** piety under Beogh
  4188 | Sewer    | Reached XP level 7. HP: 52/55 MP: 7/7
  4641 | D:5      | Reached skill level 5 in Fighting
  4823 | D:5      | Noticed Prince Ribbit
  4835 | D:5      | Killed Prince Ribbit
  4835 | D:5      | Noticed Sigmund
  4836 | D:5      | Reached skill level 6 in Axes
  4836 | D:5      | Reached skill level 1 in Invocations
  4854 | D:5      | Killed Sigmund
  4855 | D:5      | Reached skill level 5 in Shields
  4855 | D:5      | Gained mutation: You are mostly covered in yellow scales.
                  | (AC +3) [demonic ancestry]
  4855 | D:5      | Reached XP level 8. HP: 43/63 MP: 9/9
  5648 | D:6      | Reached skill level 7 in Axes
  5851 | D:6      | Noticed a gargoyle
  5855 | D:6      | Killed a gargoyle
  5865 | D:6      | Gained mutation: Spells you cast may paralyse nearby
                  | enemies. [demonic ancestry]
  5865 | D:6      | Reached XP level 9. HP: 31/70 MP: 8/12
  6652 | D:7      | Reached skill level 5 in Invocations
  6814 | D:7      | Reached skill level 8 in Axes
  7238 | D:7      | Reached *** piety under Beogh
  7256 | D:7      | Identified the +6 ring mail "Zoczuom" {Harm *Corrode +Inv
                  | Will+}
  7256 | D:7      | Noticed Zorug
  7337 | D:7      | Killed from afar by Zorug the orc apostle

Illustrated notes

Levels and vault maps discovered:
D:1:      dpeg_arrival_three_smaller_balls, layout_basic,
          chequers_ecumenical_altar_island
D:2:      layout_loops_ring, minmay_surrounded
D:3:      layout_loops_corners, mainiacjoe_overflow_catwalk_spiral,
          nicolae_figureground_pulse
D:4:      layout_basic, nicolae_dithmenos_the_darkroom, lemuel_crystal_altar,
          serial_shops, shop, ebering_ghost_reflecting_pool
D:5:      layout_loops_ring, temple_pool_b,
          mainiacjoe_sewer_entry_somewhere_in_here_1, uniq_prince_ribbit1,
          uniq_sigmund
D:6:      layout_rooms, minmay_small_thing
D:7:      layout_layer_cave, zin_treasury

Skill      XL: |  1  2  3  4  5  6  7  8  9 |
---------------+----------------------------+-----
Axes           | 2 3 4 5 6 7 8 |  8.3
Shields        | 3 4 5 6 |  6.2
Fighting       | 4 5 6 |  6.9
Invocations    | 2 4 5 |  5.0
Armour         | |  2.6

Action                     |  1- 3 |  4- 6 |  7- 9 || total
---------------------------+-------+-------+-------++-------
  Melee: War axe           |   146 |   233 |   244 ||   623
  Throw: Dart              |       |       |     1 ||     1
 Invoke: Convert to Beogh  |       |     1 |       ||     1
         Smiting           |       |       |     1 ||     1
  Evoke: Wand              |       |       |     5 ||     5
    Use: Scroll            |       |       |     7 ||     7
         Potion            |       |       |     6 ||     6
   Stab: Distracted        |       |       |     1 ||     1
 Armour: Scale mail        |   127 |   164 |   227 ||   518
         Skin              |       |       |     3 ||     3
  Dodge: Dodged            |    72 |   103 |   121 ||   296
  Block: Buckler           |    46 |    53 |    65 ||   164

Table legend: (Time is in decaauts)
 A = Elapsed time spent in this place.
 B = Non-inter-level travel time spent in this place.
 C = Inter-level travel time spent in this place.
 D = Time resting spent in this place.
 E = Time spent auto-exploring this place.
 F = Levels seen in this place.
 G = Mean time per level.
                   A        B        C        D        E       F      G
               +--------+--------+--------+--------+--------+-----+--------+
         Total |   7522 |   7252 |    270 |    603 |   4719 |   8 |  940.2 |
       Dungeon |   6921 |   6651 |    270 |    551 |   4483 |   7 |  988.7 |
         Sewer |    600 |    600 |      0 |     52 |    236 |   1 |  600.0 |
               +--------+--------+--------+--------+--------+-----+--------+

Top non-repeatable levels by time:
     D:4: 1259 daAuts
     D:6: 1155 daAuts
     D:5: 970 daAuts
     D:3: 961 daAuts
     D:7: 937 daAuts
     D:2: 857 daAuts
     D:1: 781 daAuts
   Sewer: 600 daAuts
